 Dungeon Crawl Stone Soup version 0.28.0-53-g5a82cb258f (webtiles) character file.

Game seed: 533507324563327971

12 Gabide the Sneak (level 2, 0/25 HPs)
             Began as a Barachi Delver on June 11, 2022.
             Slain by an iguana (12 damage)
             ... on level 5 of the Dungeon.
             The game lasted 00:01:34 (66 turns).

Gabide the Sneak (Barachi Delver)                     Turns: 66, Time: 00:01:35

Health: 0/25       AC:  3    Str: 13    XL:     2   Next: 33%
Magic:  2/2        EV: 12    Int: 10    God:
Gold:   14         SH:  0    Dex: 13    Spells: 1/1 levels left

rFire   . . .      SeeInvis .   a - +0 falchion
rCold   . . .      Faith    .   (no shield)
rNeg    . . .      Spirit   .   b - +0 leather armour
rPois   .          Reflect  .   (no helmet)
rElec   .          Harm     .   (no cloak)
rCorr   .          Rampage  .   (no gloves)
Will    .....                   (no boots)
Stlth   ++........              (no amulet)
HPRegen 0.08/turn               (no ring)
MPRegen 0.08/turn               (no ring)

@: slow
A: amphibious, slowness 1, strong legs 1, +LOS
a: Hop


You were on level 5 of the Dungeon.
You visited 1 branch of the dungeon, and saw 1 of its levels.

You collected 14 gold pieces.

Inventory:

Hand Weapons
 a - a +0 falchion (weapon)
Armour
 b - a +0 leather armour (worn)
Wands
 g - a wand of digging (3)
Scrolls
 c - a scroll of fog
 d - a scroll of magic mapping
 e - a scroll of fear
Potions
 f - a potion of haste


   Skills:
 - Level 4.0 Fighting
 + Level 2.9 Long Blades
 - Level 2.5 Dodging
 - Level 4.5 Stealth


You had one spell level left.
You didn't know any spells.
Your spell library was empty.

Dungeon Overview and Level Annotations

Branches:
Dungeon (5/15)
 Temple: D:4-7

Altars:

Annotations:
D:5 exclusions: 2 orcs and orc wizard


Innate Abilities, Weirdness & Mutations

You are amphibious.
You cover ground slowly.
You can hop short distances.
You have an extended range of vision and can be seen from far away.


Message History

The hound skeleton is severely damaged.
The hound skeleton closely misses you.
You barely miss the hound skeleton.
The hound skeleton is severely damaged.
The hound skeleton barely misses you.
The hound skeleton bites you but does no damage.
You hit the hound skeleton.
The hound skeleton is almost destroyed.
The hound skeleton bites you. x2
You completely miss the hound skeleton.
The hound skeleton is almost destroyed.
The hound skeleton bites you but does no damage.
You hit the hound skeleton.
The hound skeleton is almost destroyed.
The hound skeleton bites you. The hound skeleton closely misses you.
You hit the hound skeleton.
You destroy the hound skeleton!
Training target 2.5 for Dodging reached!
Training target 2.5 for Long Blades reached!
Training target 4.0 for Fighting reached!
Your Fighting skill increases to level 4!
You need to enable at least one skill for training.
You have reached level 2!
Found 21 bolts.
An iguana comes into view.
Okay, then.
Okay, then.
You now have 14 gold pieces.
The iguana hisses angrily.
You hit the iguana.
The iguana is moderately wounded.
The iguana misses you.
You hit the iguana.
The iguana is heavily wounded.
The iguana bites you!
You are too injured to fight recklessly!
You hit the iguana.
The iguana is severely wounded.
The iguana bites you!
You die...

........ ### ...#..........#
....(..... .. ..##..........#
.......... .# #.##..........#
.........##.# #.##..........#
.........#..####.##.........##
...........###......#.>....##
.......$..........##########
.........#...#.......#
.........##....l@....#
............##.......#
.........#####....<..#
.........# #.#######
#......#.# #.# ########.# #.#
#.# #.# #.. #.# ### ...


You could see an iguana.

Vanquished Creatures
  A hound skeleton (D:5)
1 creature vanquished.

Notes
Turn   | Place    | Note
-------+----------+-------------------------------------------
     0 | D:5      | Gabide the Barachi Delver began the quest for the Orb.
     0 | D:5      | Reached XP level 1. HP: 18/18 MP: 1/1
     1 | D:5      | Noticed an orc wizard
    34 | D:5      | Reached XP level 2. HP: 17/25 MP: 2/2
    66 | D:5      | Slain by an iguana

Illustrated notes

Levels and vault maps discovered:
D:5:      layout_rooms

Skill      XL: |  1 |
---------------+----+-----
Fighting       | 4 |  4.0
Long Blades    | |  2.9
Dodging        | |  2.5
Stealth        | |  4.5

Action                   || total
-------------------------++-------
Melee: Falchion          ||    15
Armor: Leather armour    ||     3
Dodge: Dodged            ||    10
